Map: Ley Lines

Players

MinTrip - Winner!

  • Race: Terran Terran
  • League: Master
  • Spawn Location: 7:00

Sindyr

  • Race: Zerg Zerg
  • League: Master
  • Spawn Location: 1:00

VOD

Have the link to the VOD?

Description

Time

  • Played on: Oct. 25, 2025, 7:20 a.m.
  • Length: 2:46
Show
View Real Time Build Order
Export as new Build Order

MinTrip Terran - Winner!

Build Orders:  

Get SALT Encoding   

  12  0:02  SCV  
  13  0:14  SCV  
  13  0:17  Supply Depot  
  14  0:25  Refinery  
  14  0:27  SCV  
  15  0:41  Barracks  
  15  0:45  SCV  
  16  0:57  SCV  
  17  1:09  SCV  
  18  1:21  SCV  
  19  1:36  Barracks Reactor  
  19  1:45  Command Center  
  19  1:53  Refinery  
  19  1:58  Orbital Command  
  19  2:13  Marine x2  
  19  2:14  Supply Depot  
  21  2:23  SCV  
  22  2:35  Barracks  
Show
View Real Time Build Order
Export as new Build Order

Sindyr Zerg 

Build Orders: Pool First 

Get SALT Encoding   

  12  0:04  Drone  
  13  0:15  Drone  
  13  0:20  Extractor  
  13  0:22  Drone  
  13  0:24  Overlord  
  15  0:44  Spawning Pool  
  15  0:45  Drone  
  15  0:47  Drone  
  16  0:55  Drone  
  17  1:16  Drone  
  17  1:17  Hatchery  
  17  1:20  Extractor  
  17  1:23  Drone  
  17  1:24  Drone  
  18  1:48  Drone x2  
  18  1:52  Queen  
  22  1:55  Overlord  
Tags
 
Matchup
TvZ
Opening
Pool First
Replay Pack
Multiplayer
Spawn Locations
Cross Positions
Add a new tag
Caveats
  • Supply blocks, unpowered buildings, or Contaminate may cause inaccurate times.
  • Supply counts are checked every 10 seconds.